 Dungeon Crawl Stone Soup version 0.29-a0-837-g174bc33265 (webtiles) character file.

Game seed: 1785169809551833784

146 Ijustatesigmund the Firebug (level 5, -3/41 HPs)
             Began as a Hill Orc Fire Elementalist on July 13, 2022.
             Slain by Duvessa
             ... wielding a +0 short sword
              (12 damage)
             ... on level 4 of the Dungeon.
             The game lasted 00:08:48 (3331 turns).

Ijustatesigmund the Firebug (HOFE)                  Turns: 3331, Time: 00:08:49

Health: -3/41      AC:  4    Str: 11    XL:     5   Next: 28%
Magic:  14/17      EV: 11    Int: 17    God:
Gold:   143        SH:  0    Dex: 11    Spells: 5/8 levels left

rFire   + . .      SeeInvis .   e - +1 hand axe
rCold   + . .      Faith    .   (no shield)
rNeg    + . .      Spirit   .   a - +1 leather armour
rPois   +          Reflect  .   d - -2 hat of the Alchemist {rElec rPois rF+ rC+ rN+ Will+ rMut rCorr}
rElec   +          Harm     .   (no cloak)
rCorr   +          Rampage  .   (no gloves)
rMut    +                       i - +1 pair of boots
Will    +....                   (no amulet)
Stlth   +.........              j - ring of magical power
HPRegen 0.13/turn               (no ring)
MPRegen 0.15/turn

@: lit by a corona, about to teleport, glowing
A: no striking features
a: no special abilities


You were on level 4 of the Dungeon.
You visited 1 branch of the dungeon, and saw 4 of its levels.

You collected 143 gold pieces.

Inventory:

Hand Weapons
 e - a +1 hand axe (weapon)
Armour
 a - a +1 leather armour (worn)
 d - the -2 hat of the Alchemist (worn) {rElec rPois rF+ rC+ rN+ Will+ rMut rCorr}
   (You acquired it on level 2 of the Dungeon)

   rF:        It protects you from fire.
   rC:        It protects you from cold.
   rElec:     It insulates you from electricity.
   rPois:     It protects you from poison.
   rN:        It protects you from negative energy.
   rCorr:     It protects you from acid and corrosion.
   rMut:      It protects you from mutation.
   Will:      It increases your willpower.
 i - a +1 pair of boots (worn)
Jewellery
 c - a ring of ice
 j - a ring of magical power (left hand)
Potions
 b - 2 potions of magic


   Skills:
 + Level 2.0 Fighting
 + Level 2.4 Axes
 + Level 2.0 Armour
 - Level 1.5 Dodging
 - Level 1.5 Stealth
 - Level 2.1 Spellcasting
 + Level 2.1 Conjurations
 - Level 3.9 Fire Magic


You had 5 spell levels left.
You knew the following spells:

 Your Spells              Type           Power      Damage    Failure   Level
a - Foxfire               Conj/Fire      48%        2x1d6     8%          1
b - Scorch                Fire           30%        2d6       8%          2

Your spell library contained the following spells:

 Spells                   Type           Power      Damage    Failure   Level
 Conjure Flame            Conj/Fire      12%        6-21      22%         3
 Sandblast                Erth           2%         2d4       26%         1
 Inner Flame              Hex/Fire       8%         N/A       32%         3
 Passwall                 Tmut/Erth      0%         N/A       36%         2
 Ignite Poison            Fire/Tmut/Pois 6%         N/A       41%         3
 Stone Arrow              Conj/Erth      10%        3d7       43%         3
 Mephitic Cloud           Conj/Pois/Air  4%         N/A       50%         3
 Flame Wave               Conj/Fire      12%        2d6       58%         4
 Fulminant Prism          Conj/Hex       2%         3d6       85%         4
 Iskenderun's Mystic Bla  Conj/Tloc      5%         2d3       85%         4
 Freezing Cloud           Conj/Ice/Air   2%         6-21      99%         5
 Lee's Rapid Deconstruct  Erth           0%         3d5*      100%        5


Dungeon Overview and Level Annotations

Branches:
Dungeon (4/15)
 Temple: D:4-7

Altars:
Elyvilon
Nemelex Xobeh
Xom

Annotations:
D:2 Terence
D:4 Dowan, Duvessa


Message History

Dowan attacks as you move away! Dowan hits you but does no damage.
The ball python attacks as you move away!
The ball python barely misses you. The ball python completely misses you.
Dowan attacks as you move away! Dowan hits you with a +0 dagger.
The ball python bites you but does no damage.
The ball python grabs you. The ball python constricts you.
You escape the ball python's grasp.
Dowan points at Duvessa and mumbles some strange words.
Duvessa seems to speed up.
The ball python attacks as you move away!
The ball python bites you. The ball python barely misses you. x2
The ball python attacks as you move away!
The ball python bites you.
Things that are here:
a +0 leather armour; a +0 flail
There is a stone staircase leading up, spattered with blood here.
The ball python barely misses you. The ball python grabs you.
You stop ascending the stairs.
The ball python constricts you.
Casting: Foxfire (safe; 8% risk of failure)
Confirm with . or Enter, or press ? or * to list all spells.
Flames lash the gnoll.
The gnoll is moderately wounded.
The gnoll's fire resistance burns away.
The ball python bites you. The ball python constricts you.
Duvessa says, "Where magic fails, the sword succeeds!"
Dowan hits you with a +0 dagger. The ball python bites you.
The ball python constricts you.
The gnoll hits you from afar with a +0 spear!
The ball python barely misses you. The ball python constricts you.
As you read the scroll of teleportation, it crumbles to dust.
You feel strangely unstable. Duvessa barely misses you.
Dowan hits you with a +0 dagger. The ball python closely misses you.
The ball python constricts you. The gnoll closely misses you.
Duvessa hits you with a +0 short sword!
* * * LOW HITPOINT WARNING * * *
Okay, then.
You escape the ball python's grasp.
Duvessa attacks as you move away! Duvessa hits you with a +0 short sword!
You die...

...# ...#######.#.....#
#####
.......!..##.....##....#
..................#.....
.....#.................
g.#..#....##.........##
..#...e..[#...........#
..#......##....ee.....###
##...........ggS@.......#
#..≈.≈≈≈≈≈.≈..g)......##
#..≈.......≈..#........##
....≈.≈..)≈.≈..##........#
....≈.≈._.≈.≈..##......###
....≈.≈...≈.≈..###..#.##
....≈.......≈....######
....≈†≈≈≈≈≈.≈...##
....†...........#


You could see Duvessa (fast), Dowan, 3 gnolls and a ball python.

Vanquished Creatures
  An orc wizard (D:3)
  A gnoll (D:1)
  4 adders
  4 dart slugs
  8 orcs
  6 endoplasms
  2 giant cockroaches
  3 goblins
  4 hobgoblins
  2 jackals (D:3)
  6 kobolds
  A quokka (D:3)
  7 ball pythons
  4 bats
  4 frilled lizards
  4 rats
61 creatures vanquished.

Vanquished Creatures (others)
  182 foxfires
182 creatures vanquished.

Grand Total: 243 creatures vanquished

Notes
Turn   | Place    | Note
-------+----------+-------------------------------------------
     0 | D:1      | Ijustatesigmund the Hill Orc Fire Elementalist began the
                  | quest for the Orb.
     0 | D:1      | Reached XP level 1. HP: 14/14 MP: 3/3
    24 | D:1      | Noticed an electric eel
   132 | D:1      | Reached XP level 2. HP: 14/20 MP: 0/4
   255 | D:1      | Learned a level 2 spell: Scorch
   647 | D:1      | Reached XP level 3. HP: 26/26 MP: 4/6
  1405 | D:2      | Reached skill level 1 in Axes
  1520 | D:2      | Identified a scroll of acquirement
  1520 | D:2      | Acquired the -2 hat of the Alchemist {rElec rPois rF+ rC+
                  | rN+ Will+ rMut rCorr}
  1520 | D:2      | Found the -2 hat of the Alchemist {rElec rPois rF+ rC+ rN+
                  | Will+ rMut rCorr}
  1535 | D:2      | Noticed Terence
  1580 | D:3      | Reached skill level 1 in Fighting
  1580 | D:3      | Reached skill level 1 in Armour
  1676 | D:3      | Reached XP level 4. HP: 35/35 MP: 5/7
  1927 | D:3      | Found a shimmering altar of Xom.
  2296 | D:3      | Reached XP level 5. HP: 20/41 MP: 3/8
  2627 | D:3      | Found a white marble altar of Elyvilon.
  3210 | D:4      | Found a sparkling altar of Nemelex Xobeh.
  3307 | D:4      | Noticed Duvessa
  3308 | D:4      | Noticed Dowan
  3331 | D:4      | Slain by Duvessa

Illustrated notes

Levels and vault maps discovered:
D:1:      arrival_aquarium_a, layout_loops_ring
D:2:      wander_river, layout_basic, hellmonk_ecumenical_altar_run_dry,
          uniq_terence
D:3:      layout_basic, mainiacjoe_overflow_small_starburst, old_standard_altar
D:4:      layout_cave_pools, mainiacjoe_overflow_brackets,
          mainiacjoe_overflow_cross_hatched, temple_pool_b,
          ebering_ghost_disaster_area, uniq_duvessa

Skill      XL: |  1  2  3  4  5 |
---------------+----------------+-----
Spellcasting   | 2 |  2.1
Axes           | 1 2 |  2.4
Fighting       | 1 2 |  2.0
Armour         | 1 2 |  2.0
Conjurations   | 2 |  2.1
Dodging        | |  1.5
Stealth        | |  1.5
Fire Magic     | |  3.9

Action                   |  1- 3 |  4- 6 || total
-------------------------+-------+-------++-------
Melee: Whip              |     3 |       ||     3
       Hand axe          |     1 |    13 ||    14
 Cast: Foxfire           |    52 |    56 ||   108
       Scorch            |     5 |    12 ||    17
  Use: Scroll            |     7 |     4 ||    11
       Potion            |       |     2 ||     2
Armor: Leather armour    |     2 |    31 ||    33
Dodge: Dodged            |    18 |    67 ||    85

Table legend: (Time is in decaauts)
 A = Elapsed time spent in this place.
 B = Non-inter-level travel time spent in this place.
 C = Inter-level travel time spent in this place.
 D = Time resting spent in this place.
 E = Time spent auto-exploring this place.
 F = Levels seen in this place.
 G = Mean time per level.
                   A        B        C        D        E       F      G
               +--------+--------+--------+--------+--------+-----+--------+
         Total |   3333 |   3224 |    109 |    633 |   2039 |   4 |  833.2 |
       Dungeon |   3333 |   3224 |    109 |    633 |   2039 |   4 |  833.2 |
               +--------+--------+--------+--------+--------+-----+--------+

Top non-repeatable levels by time:
     D:3: 1626 daAuts
     D:1: 1375 daAuts
     D:2: 176 daAuts
     D:4: 154 daAuts
